 Dungeon Crawl Stone Soup version 0.31.0-9-g3a7656b989 (webtiles) character file.

Game seed: 17513341802467269786

132 qw the Skirmisher (level 4, 0/25 HPs)
             Began as a Deep Elf Hunter on Feb 2, 2024.
             Slain by Eustachio
             ... wielding a +0 rapier
              (7 damage)
             ... on level 4 of the Dungeon.
             The game lasted 00:00:08 (2398 turns).

qw the Skirmisher (Deep Elf Hunter)                 Turns: 2398, Time: 00:00:09

Health: 0/25       AC:  6    Str: 10    XL:     4   Next: 92%
Magic:  6/6        EV: 11    Int: 14    God:
Gold:   179        SH:  0    Dex: 18    Spells: 3/3 levels left

rFire   . . .        a - +0 shortbow
rCold   . . .        (shield currently unavailable)
rNeg    . . .        f - +1 ring mail
rPois   .            (no helmet)
rElec   .            (no cloak)
rCorr   .            (no gloves)
SInv    .            (no boots)
Will    .....        (no amulet)
Stlth   +            c - +4 ring of slaying {mikee}
HPRegen 0.24/turn    (no ring)
MPRegen 0.10/turn

%: no passive effects
@: no status effects
A: no striking features
a: no special abilities


You were on level 4 of the Dungeon.
You visited 1 branch of the dungeon, and saw 4 of its levels.

You collected 179 gold pieces.


   Skills:
 - Level 1.5 Fighting
 + Level 8.3 Ranged Weapons
 - Level 2.4 Dodging
 - Level 1.2 Stealth


You had 3 spell levels left.
You didn't know any spells.
Your spell library was empty.

Inventory:

Hand Weapons
 a - a +0 shortbow (weapon)
Armour
 f - a +1 ring mail (worn)
Jewellery
 c - a +4 ring of slaying (left hand) {mikee}
Scrolls
 d - a scroll of teleportation
Potions
 b - a potion of curing
 g - a potion of resistance {unknown}

Dungeon Overview and Level Annotations

Branches:
Dungeon (4/15)
 Temple: D:4-7

Altars:

Shops:
D:1 =

Annotations:
D:3 1 runed translucent door, qw's ghost, amateur DjHu
D:4 Eustachio


Message History

The river rat bites you but does no damage.
You shoot an arrow.
The arrow hits the river rat but does no damage.
The river rat closely misses you.
You shoot an arrow. The arrow hits the river rat!
You kill the river rat!
The river rat's corpse disappears in a puff of smoke!
You shoot an arrow. The arrow hits the river rat.
The river rat is moderately wounded.
The river rat bites you.
You shoot an arrow. The arrow hits the river rat.
The river rat is heavily wounded.
The river rat completely misses you.
You shoot an arrow.
The arrow hits the river rat but does no damage.
The river rat is heavily wounded.
The river rat closely misses you.
You shoot an arrow. The arrow barely misses the river rat.
The arrow hits Eustachio!
Eustachio is moderately wounded.
The river rat bites you.
Eustachio screams, "At last I'll have my revenge!"
The river rat barely misses you.
You shoot an arrow. The arrow barely misses the river rat.
The arrow closely misses Eustachio.
The river rat bites you but does no damage.
You shoot an arrow. The arrow barely misses the river rat.
The arrow barely misses Eustachio.
The river rat bites you.
You shoot an arrow. The arrow hits the river rat!
You kill the river rat!
The river rat's corpse disappears in a puff of smoke!
You shoot an arrow. The arrow hits Eustachio!
Eustachio is heavily wounded.
Eustachio calls on the powers of shadow!
Eustachio hits you with a +0 rapier.
You shoot an arrow. The arrow closely misses Eustachio.
Eustachio hits you with a +0 rapier!
You die...
Eustachio says, "Such is the fate of all honourless rascals."

#...# .. #...# ...
#...########## ...####
#............. .......
#............. #......
#............. #......
#.............
#......###.#.##..####.#
#......@@....##..####.#
#......###.####.......#
#......###.....<....###
######.......#.#.##.#
#####.....#..#.#
#.#.###### # #.#.#
#.#<# ###


You could see Eustachio.

Vanquished Creatures
  A bombardier beetle (D:3)
  A jelly (D:2)
  A dart slug (D:3)
  4 ribbon worms
  4 ball pythons
  4 bats
  4 endoplasms
  3 giant cockroaches
  4 hobgoblins
  4 jackals (D:1)
  6 kobolds
  5 quokkas
  2 frilled lizards
  4 goblins
  2 rats
49 creatures vanquished.

Notes
Turn   | Place    | Note
-------+----------+-------------------------------------------
     0 | D:1      | qw the Deep Elf Hunter began the quest for the Orb.
     0 | D:1      | Reached XP level 1. HP: 12/12 MP: 3/3
     0 | D:1      | 0 ||| qw: Version: 0.3-a-155-g5e7d8dd
     0 | D:1      | 0 ||| qw: Game counter: 25
     0 | D:1      | 0 ||| qw: Melee chars always use a shield: true
     0 | D:1      | 0 ||| qw: God list: Okawaru
     0 | D:1      | 0 ||| qw: Allow faded altars: false
     0 | D:1      | 0 ||| qw: Do Orc after clearing Dungeon:15 true
     0 | D:1      | 0 ||| qw: Do second Lair branch before Depths: true
     0 | D:1      | 0 ||| qw: Lair rune preference: random
     0 | D:1      | 0 ||| qw: Goals: Normal
     0 | D:1      | 0 ||| PLANNING D:1-11
   102 | D:1      | Reached XP level 2. HP: 7/16 MP: 4/4
   117 | D:1      | Reached skill level 6 in Ranged Weapons
   276 | D:1      | Found Pabuac's Jewellery Shop.
   285 | D:1      | 285 ||| SHOPLISTING +6 ring of dexterity (432 gold, have
                  | 31).
   285 | D:1      | 285 ||| SHOPLISTING amulet of the acrobat (360 gold, have
                  | 31).
   285 | D:1      | 285 ||| SHOPLISTING ring of positive energy (240 gold, have
                  | 31).
   285 | D:1      | 285 ||| SHOPLISTING ring of protection from cold (300 gold,
                  | have 31).
   285 | D:1      | 285 ||| SHOPLISTING ring of see invisible (180 gold, have
                  | 31).
   285 | D:1      | 285 ||| SHOPLISTING ring of willpower (300 gold, have 31).
   849 | D:1      | 849 ||| UPGRADING to +0 ring mail.
   859 | D:1      | 859 ||| DROPPING +0 leather armour.
   860 | D:1      | 860 ||| READING scroll labelled WIUHYCS XUWU.
   860 | D:1      | 860 ||| ENCHANTING +0 ring mail.
   861 | D:1      | 861 ||| READING scroll labelled VET IGAARGHYZ.
   962 | D:1      | 962 ||| READING scroll labelled CODYBB EBAO.
   965 | D:1      | 965 ||| DROPPING scroll of butterflies.
   987 | D:2      | Reached XP level 3. HP: 20/20 MP: 5/5
  1292 | D:2      | Reached skill level 7 in Ranged Weapons
  1433 | D:2      | Reached XP level 4. HP: 25/25 MP: 6/6
  1542 | D:2      | Found a faded altar of an unknown god.
  1710 | D:2      | 1710 ||| UPGRADING to +4 ring of slaying {mikee}.
  1711 | D:2      | 1711 ||| READING scroll labelled CAGOEMIDIXT.
  1712 | D:2      | 1712 ||| READING scroll labelled JIDO XOCKIZA.
  1845 | D:3      | Found a runed translucent door.
  1845 | D:3      | Noticed qw's ghost (amateur DjHu)
  1957 | D:3      | Reached skill level 8 in Ranged Weapons
  2003 | D:3      | 2003 ||| FLEEEEING.
  2004 | D:3      | 2004 ||| FLEEEEING.
  2006 | D:3      | 2006 ||| FLEEEEING.
  2326 | D:3      | 2326 ||| READING scroll labelled ETHACO ZUHOE.
  2327 | D:3      | 2327 ||| DRINKING 2 coppery potions.
  2367 | D:4      | Noticed Eustachio
  2371 | D:4      | 2371 ||| RETREEEEATING.
  2398 | D:4      | Slain by Eustachio

Levels and vault maps discovered:
D:1:      spicycebolla_arrival_clurvy, layout_loops_corners, serial_shops,
          nicolae_shop_gaudy_bauble, minivault_24
D:2:      layout_basic, shapermc_ecumenical_altar_acropolis
D:3:      layout_loops_cross, hellmonk_ghost_happy_afterlife
D:4:      layout_basic, minmay_temple_entry_antechambers, nrook_mini_vaults,
          uniq_ijyb, uniq_eustachio, uniq_duvessa

Skill      XL: |  1  2  3  4 |
---------------+-------------+-----
Ranged Weapons | 6 7 8 |  8.3
Fighting       | |  1.5
Dodging        | |  2.4
Stealth        | |  1.2

Action                     |  1- 3 |  4- 6 || total
---------------------------+-------+-------++-------
   Fire: Shortbow          |   101 |    66 ||   167
    Use: Scroll            |     3 |     3 ||     6
         Potion            |       |     1 ||     1
 Armour: Leather armour    |    20 |       ||    20
         Ring mail         |     4 |    24 ||    28
  Dodge: Dodged            |    27 |    29 ||    56

Table legend:
 A = Non-vault XP
 B = Vault XP
 C = Vault XP percentage of total XP
 D = Non-vault monster count
 E = Vault monster count
 F = Vault count percentage of total count
                 A         B        C        D         E       F
            +---------+---------+-------+---------+---------+-------
      Total |     189 |       0 |   0.0 |      49 |       0 |   0.0
            +---------+---------+-------+---------+---------+-------
        D:1 |      39 |       0 |   0.0 |      22 |       0 |   0.0
        D:2 |      72 |       0 |   0.0 |      16 |       0 |   0.0
        D:3 |      78 |       0 |   0.0 |      11 |       0 |   0.0
            +---------+---------+-------+---------+---------+-------
